 Dungeon Crawl Stone Soup version 0.30-b1-2-g02819fbbbe (webtiles) character file.

Game seed: 13982239638721847378

457 Angani the Chiller (level 7, 0/46 HPs)
             Began as a Formicid Ice Elementalist on May 10, 2023.
             Slain by an adder (2 damage)
             ... on level 4 of the Dungeon.
             The game lasted 00:12:44 (4760 turns).

Angani the Chiller (Formicid Ice Elementalist)      Turns: 4760, Time: 00:12:45

Health: 0/46       AC:  3    Str: 19    XL:     7   Next: 27%
Magic:  14/14      EV: 11    Int: 16    God:
Gold:   77         SH:  3    Dex: 14    Spells: 11/15 levels left

rFire   . . .        r - +0 trident
rCold   . . .        c - +0 buckler
rNeg    . . .        l - +0 leather armour
rPois   .            (helmet unavailable)
rElec   .            (no cloak)
rCorr   .            (no gloves)
SInv    +            (no boots)
Will    .....        o - amulet of the acrobat
Stlth   +++          h - +6 ring of strength
HPRegen 0.27/turn    (no ring)
MPRegen 0.14/turn

%: acrobat
@: mighty, lethally poisoned (0 -> -1)
A: permanent stasis, dig shafts and tunnels, antennae 3, four strong arms
a: Dig, Shaft Self


You were on level 4 of the Dungeon.
You visited 1 branch of the dungeon, and saw 5 of its levels.

You collected 259 gold pieces.
You spent 182 gold pieces at shops.

Inventory:

Hand Weapons
 r - a +0 trident (weapon)
Armour
 a - a +0 robe
 c - a +0 buckler (worn)
 l - a +0 leather armour (worn)
 n - a +0 chain mail
Jewellery
 h - a +6 ring of strength (left hand)
 o - an amulet of the acrobat (around neck)
Scrolls
 f - 4 scrolls of enchant weapon
 g - 3 scrolls of teleportation
 j - a scroll of vulnerability {unknown}
 k - a scroll of immolation {unknown}
 p - 2 scrolls of noise {unknown}
 t - a scroll of fear {unknown}
Potions
 b - a potion of magic
 d - a potion of resistance
 e - a potion of might
 m - a potion of degeneration
 s - a potion of mutation {unknown}


   Skills:
 - Level 1.7 Dodging
 - Level 5.0 Stealth
 + Level 4.9 Spellcasting
 + Level 6.0 Ice Magic


You had 11 spell levels left.
You knew the following spells:

 Your Spells              Type           Power      Damage    Failure   Level
a - Freeze                Ice            92%        1d9       1%          1
b - Frozen Ramparts       Ice            46%        1d7       6%          3

Your spell library contained the following spells:

 Spells                   Type           Power      Damage    Failure   Level
 Ozocubu's Armour         Ice            23%        N/A       6%          3
 Apportation              Tloc           6%         N/A       24%         1
 Necrotise                Necr           12%        1d4       24%         1
 Summon Small Mammal      Summ           12%        N/A       24%         1
 Summon Ice Beast         Ice/Summ       13%        N/A       56%         4


Dungeon Overview and Level Annotations

Branches:
Dungeon (5/15)
 Temple: D:4-7

Altars:
Sif Muna

Shops:
D:3 *   D:4 *

Annotations:
D:4 Eustachio
D:5 Menkaure, Sigmund


Innate Abilities, Weirdness & Mutations

You cannot be hasted, slowed, berserked, paralysed or teleported.
You can dig through walls and to a lower floor.
You have a pair of large antennae on your head. (SInv)
Your four strong arms can wield two-handed weapons with a shield.


Message History

There is a stone staircase leading up, spattered with blood here.
The adder bites you.
You are poisoned.
The adder poisons you! Eustachio hits you with a +0 falchion!
The adder bites you.
You are more poisoned.
The adder poisons you!
You climb upwards.
You feel very sick.
There is a stone staircase leading down, spattered with blood here.
Unknown command.
Okay, then.
You feel very mighty all of a sudden.
You feel sick. You block the adder's attack.
Eustachio hits you with a +0 falchion!
* * * LOW HITPOINT WARNING * * *
Unknown command.
Casting: Freeze (safe; 1% risk of failure)
Confirm with . or Enter, or press ? or * to list all spells.
You don't know that spell.
Unknown command.
Unknown command.
Okay, then.
Unknown command.
You miss the adder.
You feel sick. You block the adder's attack.
Eustachio hits you with a +0 falchion.
* * * LOW HITPOINT WARNING * * *
The adder bites you.
* * * LOW HITPOINT WARNING * * *
Unknown command.
You completely miss the adder.
* * * LOW HITPOINT WARNING * * *
You feel sick. The adder barely misses you. Eustachio barely misses you.
Unknown command.
You barely miss the adder.
* * * LOW HITPOINT WARNING * * *
You feel sick. You block the adder's attack.
Eustachio mumbles some strange words.
The adder bites you.
You die...

#.......# #.......
#.......# #.......
#.......#######.####
####)##......†..####
##.#...#########..
#....#.###### ##.#
#....#.##...###..#
##5S..#.##...#...##
#)@[.....#...#.###
#.@............####
#55)....##.........
#.................#
#.......#..........
#.......#....######
#............## #
#######.)##...## #
###..####..##


You could see Eustachio, 2 iron imps, an adder and a shadow imp (summoned).

Vanquished Creatures
  2 phantoms
  2 orc priests (D:3)
  A sleepcap (D:4)
  2 iguanas (D:4)
  2 orc wizards
  3 adders
  A worm (D:4)
  2 dart slugs
  8 orcs
  5 endoplasms
  6 giant cockroaches
  7 goblins
  11 hobgoblins
  3 kobolds
  3 quokkas
  5 ball pythons
  8 bats
  3 frilled lizards
  8 rats
82 creatures vanquished.

Notes
Turn   | Place    | Note
-------+----------+-------------------------------------------
     0 | D:1      | Angani the Formicid Ice Elementalist began the quest for
                  | the Orb.
     0 | D:1      | Reached XP level 1. HP: 13/13 MP: 3/3
   137 | D:1      | Reached XP level 2. HP: 13/19 MP: 5/5
   584 | D:1      | Reached XP level 3. HP: 24/24 MP: 6/6
  1087 | D:2      | Learned a level 3 spell: Frozen Ramparts
  1461 | D:2      | Reached skill level 5 in Stealth
  1720 | D:2      | Reached XP level 4. HP: 30/30 MP: 3/7
  2638 | D:3      | Found a faded altar of an unknown god.
  3174 | D:3      | Found a shimmering blue altar of Sif Muna.
  3402 | D:3      | Reached XP level 5. HP: 15/35 MP: 2/9
  3591 | D:4      | Reached skill level 5 in Ice Magic
  3591 | D:4      | Reached XP level 6. HP: 41/41 MP: 6/11
  3719 | D:4      | HP: 3/61 [phantom (2)]
  3726 | D:4      | HP: 3/61 [phantom (2)]
  3955 | D:4      | Found Amaunk's General Store.
  3989 | D:3      | Reached XP level 7. HP: 11/46 MP: 12/14
  4128 | D:4      | Bought a potion of resistance for 130 gold pieces
  4128 | D:4      | Bought a potion of might for 52 gold pieces
  4614 | D:5      | Entered Level 5 of the Dungeon
  4614 | D:5      | Noticed Sigmund
  4632 | D:5      | Noticed Menkaure
  4658 | D:5      | Noticed Eustachio
  4669 | D:4      | Reached skill level 6 in Ice Magic
  4760 | D:4      | HP: 2/46 [poisoned by an adder]
  4760 | D:4      | Slain by an adder

Illustrated notes

Levels and vault maps discovered:
D:1:      shiori_shiawase, layout_basic, minmay_large_rounded_square,
          hex_intersection, minmay_surrounded
D:2:      layout_basic, st_stairs_13
D:3:      layout_basic, lemuel_blue_sif_altar, basic_ecumenical_altar,
          kennysheep_generic_room_11
D:4:      layout_rooms, serial_shops, shop
D:5:      layout_layer_cave, serial_glass, glass_columns_b, glass_columns_b,
          uniq_sigmund, uniq_menkaure, uniq_eustachio

Skill      XL: |  1  2  3  4  5  6  7 |
---------------+----------------------+-----
Stealth        | 3 4 5 |  5.0
Spellcasting   | 3 4 |  4.9
Ice Magic      | 5 6 |  6.0
Dodging        | |  1.7

Action                     |  1- 3 |  4- 6 |  7- 9 || total
---------------------------+-------+-------+-------++-------
  Melee: Unarmed           |   123 |    44 |       ||   167
         Trident           |       |    86 |    22 ||   108
   Cast: Freeze            |    41 |    41 |     5 ||    87
         Frozen Ramparts   |       |     4 |     1 ||     5
    Use: Scroll            |       |     3 |     1 ||     4
         Potion            |       |     7 |     1 ||     8
   Stab: Sleeping          |     6 |     4 |     2 ||    12
 Armour: Robe              |    47 |       |       ||    47
         Leather armour    |       |    31 |     1 ||    32
         Skin              |       |    14 |       ||    14
  Dodge: Dodged            |    82 |    70 |    16 ||   168
  Block: Buckler           |    24 |    20 |     6 ||    50
